 Dungeon Sprint DCSS version 0.30-a0-793-g160f7cfddd (webtiles) character file.

Game seed: 1794793930293964812

73533 octoduck the Warrior (level 15, -19/120 HPs)
             Began as a Gargoyle Ice Elementalist on Feb 19, 2023.
             Was an Elder of Ashenzari.
             Killed from afar by an ancient lich (54 damage)
             ... with a crystal spear
             ... in the Dungeon (Sprint VII: "The Pits") on Feb 20, 2023.
             The game lasted 01:17:54 (13474 turns).

octoduck the Warrior (Gargoyle Ice Elementalist)   Turns: 13474, Time: 01:17:54

Health: -19/120    AC: 40    Str: 15    XL:     15   Next: 43%
Magic:  14/30      EV: 11    Int: 20    God:    Ashenzari [****..]
Gold:   73         SH: 12    Dex: 10    Spells: 12/37 levels left

rFire   . . .      SeeInvis +    C - +9 demon whip of Toth-Mos's Legacy {Self, Melee} (curse)
rCold   + + .      Faith    .    H - +2 kite shield
rNeg    + . .      Spirit   .    k - +8 ice dragon scales
rPois   ∞          Reflect  .    E - +1 helmet "Perceptive Pessimism" {Range, Alch} (curse)
rElec   +          Harm     .    s - +0 cloak of the Bound God {Cun, Self} (curse)
rCorr   .          Rampage  .    (no gloves)
Will    +....      Clarity  +    (no boots)
Stlth   ++         NoTele   +    I - amulet "All-seeing Omen" {Acrobat, Bglg, Range} (curse)
HPRegen 0.40/turn                n - ring of the Prophetic Mistrust {AC+3, Self, Range} (curse)
MPRegen 0.22/turn                x - ring of Ashenzari's Vexation {rF+, Self, Melee} (curse)

@: ice-armoured, corroded, freezing walls, flying, studying Short Blades
A: sickness immunity, AC +11, big wings, negative energy resistance 1,
electricity resistance, torment resistance 1, petrification resistance
a: Renounce Religion, Shatter the Chains


You were in the Dungeon.
You worshipped Ashenzari.
Ashenzari was greatly pleased with you.
You visited 1 branch You collected 73 gold pieces.

Inventory:

Hand Weapons
 C - the cursed +9 demon whip of Toth-Mos's Legacy (weapon) {Self, Melee}
   (You found it in the Dungeon)

   It has a curse which improves the following skills: Introspection: Fighting
   and Spellcasting.
   Melee Combat: Short Blades, Long Blades, Axes, Maces & Flails, Polearms,
   Staves and Unarmed Combat.
Missiles
 m - a curare-tipped dart
Armour
 k - +8 ice dragon scales (worn)
 r - +4 fire dragon scales
 s - the cursed +0 cloak of the Bound God (worn) {Cun, Self}
   (You found it in the Dungeon)

   It has a curse which improves the following skills: Cunning: Dodging and
   Stealth.
   Introspection: Fighting and Spellcasting.
 E - the cursed +1 helmet "Perceptive Pessimism" (worn) {Range, Alch}
   (You found it in the Dungeon)

   It has a curse which improves the following skills: Ranged Combat: Ranged
   Weapons and Throwing.
   Alchemy:   Poison Magic and Transmutations.
 H - a +2 kite shield (worn)
Jewellery
 n - the cursed ring of the Prophetic Mistrust (left hand) {AC+3, Self, Range}
   (You found it in the Dungeon)

   [ring of protection]

   AC:        It affects your AC (+3).
   It has a curse which improves the following skills: Introspection: Fighting
   and Spellcasting.
   Ranged Combat: Ranged Weapons and Throwing.
 t - a ring of willpower
 x - the cursed ring of Ashenzari's Vexation (right hand) {rF+, Self, Melee}
   (You found it in the Dungeon)

   [ring of protection from fire]

   rF:        It protects you from fire.
   It has a curse which improves the following skills: Introspection: Fighting
   and Spellcasting.
   Melee Combat: Short Blades, Long Blades, Axes, Maces & Flails, Polearms,
   Staves and Unarmed Combat.
 I - the cursed amulet "All-seeing Omen" (around neck) {Acrobat, Bglg, Range}
   (You took it off a minotaur in the Dungeon)

   [amulet of the acrobat]

   It increases your evasion while moving and waiting.
   It has a curse which improves the following skills: Beguiling: Conjurations,
   Hexes and Translocations.
   Ranged Combat: Ranged Weapons and Throwing.
 J - a +6 ring of dexterity
 K - a +6 ring of protection
 L - a +6 ring of evasion
 O - a ring of wizardry
Wands
 y - a wand of charming (7)
Scrolls
 g - 6 scrolls of blinking
 i - 5 scrolls of amnesia
 j - a scroll of butterflies
 u - 6 scrolls of fear
Potions
 b - 5 potions of magic
 c - 14 potions of curing
 d - 14 potions of heal wounds
 f - 4 potions of berserk rage
 p - 2 potions of brilliance
 q - 7 potions of mutation
 A - a potion of flight
 G - 3 potions of resistance
Miscellaneous
 B - a phantom mirror (inert)
 D - a condenser vane


   Skills:
 - Level 19.0(23.4) Fighting
 - Level 5.9(12.9) Maces & Flails
 - Level 14.9(18.1) Staves
 - Level 18.7 Armour
 - Level 9.7(11.7) Dodging
 - Level 7.5(9.6) Stealth
 + Level 9.4 Shields
 - Level 7.1(11.8) Spellcasting
 + Level 5.5(7.5) Conjurations
 - Level 9.3(11.3) Hexes
 - Level 9.1 Summonings
 - Level 9.2(11.2) Transmutations
 - Level 17.7 Ice Magic
 + Level 4.1 Air Magic
 - Level 15.9 Earth Magic
 - Level 9.1 Evocations


You had 12 spell levels left.
You knew the following spells:

 Your Spells              Type           Power      Damage    Failure   Level
a - Freeze                Ice            100%       1d10      1%          1
b - Frozen Ramparts       Ice            100%       1d16      1%          3
c - Ozocubu's Armour      Ice            70%        N/A       1%          3
d - Summon Ice Beast      Ice/Summ       60%        N/A       1%          4
e - Metabolic Englaciati  Hex/Ice        31%        N/A       2%          5
f - Petrify               Tmut/Erth      60%        N/A       1%          4
g - Freezing Cloud        Conj/Ice/Air   25%        6-21      19%         5

Your spell library contained the following spells:

 Spells                   Type           Power      Damage    Failure   Level
 Confusing Touch          Hex            55%        N/A       1%          3
 Static Discharge         Conj/Air       70%        2-5/arc   4%          2
 Kiss of Death            Conj/Necr      100%       2d13      8%          1
 Ignite Poison            Fire/Tmut/Pois 27%        N/A       22%         3
 Vhi's Electric Charge    Tloc/Air       40%        N/A       41%         3
 Lesser Beckoning         Tloc           24%        N/A       45%         2
 Kindle Blastsparks       Fire/Tloc/Air  34%        2d12      52%         3
 Arcjolt                  Conj/Air       17%        1d27      67%         5
 Lightning Bolt           Conj/Air       17%        1d32      67%         5
 Summon Forest            Summ/Tloc      15%        N/A       83%         5
 Simulacrum               Ice/Necr       23%        N/A       83%         6
 Dispel Undead            Necr           11%        3d9       98%         4
 Borgnjor's Revivificati  Necr           5%         N/A       100%        8
 Necromutation            Tmut/Necr      17%        N/A       100%        8
 Death's Door             Necr           5%         N/A       100%        9
 Polar Vortex             Ice            35%        N/A       100%        9
 Statue Form              Tmut/Erth      Unusable   N/A       N/A         6

Dungeon Overview and Level Annotations

Branches:
Dungeon (1/1)

Altars:
Ashenzari
Cheibriados
Dithmenos
Elyvilon
Fedhas
Gozag
Hepliaklqana
Kikubaaqudgha
Makhleb
Nemelex Xobeh
Okawaru
Qazlal
Ru
Sif Muna
Trog
Uskayaw
Vehumet
Wu Jian
Xom
Yredelemnul
Zin
The Shining One
Jiyva
Lugonu


Innate Abilities, Weirdness & Mutations

You are immune to sickness and miasma.
Your stone body is resilient. (AC +11)
You are immune to poison.
Your large and strong wings let you fly.
You resist negative energy. (rN+)
You are resistant to electric shocks. (rElec)
You are resistant to unholy torment.
You are immune to petrification.


Message History

You whack the ancient lich!
The ancient lich is heavily damaged.
The ancient lich resists.
The wall freezes the ancient lich.
You block the ancient lich's attack.
You hit the ancient lich but do no damage.
The ancient lich is heavily damaged.
You hit the ancient lich.
The ancient lich is heavily damaged.
The wall freezes the ancient lich but does no damage.
The ancient lich barely misses you.
You hit the ancient lich but do no damage.
The ancient lich is heavily damaged.
The ancient lich completely resists.
The wall freezes the ancient lich but does no damage.
The ancient lich touches you but does no damage.
Press: ? - help, v - describe, . - travel
Here: an ancient lich (heavily damaged, slightly transparent)
The floor.
You hit the ancient lich.
The ancient lich is heavily damaged.
You closely miss the ancient lich.
The ancient lich is heavily damaged.
The wall freezes the ancient lich but does no damage.
The ancient lich touches you but does no damage.
You hit the ancient lich but do no damage.
The ancient lich is heavily damaged.
The wall freezes the ancient lich but does no damage.
The ancient lich touches you but does no damage.
You hit the ancient lich.
The ancient lich is heavily damaged.
Aiming: Phantom Mirror
Press: ? - help, Dir - move target, f - ancient lich
Aim: an ancient lich (heavily damaged, slightly transparent)
You reflect the ancient lich with the mirror!
The mirror clouds!
Your ancient lich touches the ancient lich but does no damage.
The wall freezes the ancient lich but does no damage.
The ancient lich casts a spell at you. The crystal spear hits you!!!
You die...

,* ,, , , + , ,, , **** *
,,* ,, ,,,, *, ,* , {* , {
,* ∆∆∆∆+{{{* * {{ {,{ {
*∆∆∆∆∆*{{{ *{ * * * * ** *
***
#########################+#
....).....)..).Y.L...)....#
).)..).).....))[@L........#
########''##############..#
#.)))#......#[[[.#..#[[#..#
##''##....).##''##..#[[#..#
#....#....).#....#.....#..#
#....###..###....####..#..#
....................'..#L.#
#................####..#..#
#..####....####..#.....#..#


You could see an ancient lich (invisible, ally target), a friendly ancient lich
(summoned, invisible, drained) and a friendly ice beast (summoned).

Vanquished Creatures
  A bone dragon (D)
  A lich (D)
  A titan (D)
  A deep elf master archer (D)
  A death cob (D)
  3 storm dragons (D)
  A nagaraja (D)
  3 frost giants (D)
  3 emperor scorpions (D)
  A draconian stormcaller (D)
  2 orc warlords (D)
  An angel (D)
  A black draconian (D)
  A minotaur (D)
  A red draconian (D)
  A white draconian (D)
  Snorg (D)
  A deep elf death mage (D)
  2 eidola (D)
  An ettin (D)
  A merfolk javelineer (D)
  A blizzard demon (D)
  A fire dragon (D)
  3 great orbs of eyes (D)
  2 vault guards (D)
  An ice dragon (D)
  A hydra (D)
  A death knight (D)
  2 anacondas (D)
  A catoblepas (D)
  A merfolk aquamancer (D)
  2 alligators (D)
  A naga warrior (D)
  An alligator snapping turtle (shapeshifter) (D)
  2 two-headed ogres (D)
  A death yak (D)
  A soul eater (D)
  3 deep elf knights (D)
  3 sea snakes (D)
  2 harpies (D)
  11 orc knights (D)
  2 deep elf pyromancers (D)
  2 lindwurms (D)
  A manticore (D)
  An ugly thing (D)
  3 guardian serpents (D)
  2 black mambas (D)
  A rust devil (D)
  An unseen horror (D)
  A naga mage (D)
  A freezing wraith (D)
  A rime drake (D)
  2 yaktaurs (D)
  5 ice devils (D)
  3 merfolk (D)
  A guardian mummy (D)
  3 hellwings (D)
  A red devil (D)
  2 hornets (D)
  A tarantella (D)
  A snapping turtle (D)
  A large abomination (D)
  5 blink frogs (D)
  2 jumping spiders (D)
  A spriggan (D)
  A wraith (D)
  3 vampires (D)
  3 water elementals (D)
  A fire elemental (D)
  A small abomination (D)
  4 yaks (D)
  Grum (D)
  4 vampire mosquitoes (D)
  8 redbacks (D)
  A floating eye (D)
  4 orc warriors (D)
  A black bear (D)
  An ogre (D)
  11 wolves (D)
  2 centaurs (D)
  2 lemures (D)
  A kobold brigand (D)
  A phantom (D)
  A necrophage (D)
  2 scorpions (D)
  4 killer bees (D)
  A crimson imp (D)
  2 hounds (D)
  A jelly (D)
  An orc wizard (D)
  A hell rat (D)
  2 mummies (D)
  2 gnolls (D)
  An adder simulacrum (D)
  12 orcs (D)
  3 endoplasms (D)
  A goblin (D)
  A ball python (D)
  2 frilled lizards (D)
  A quokka simulacrum (D)
  A rat (D)
203 creatures vanquished.

Vanquished Creatures (collateral kills)
  A yaktaur captain (D)
  A great orb of eyes (D)
  A hydra (D)
  2 two-headed ogres (D)
  A death knight (D)
  An alligator (D)
  2 naga warriors (D)
  A flayed ghost (D)
  An orc knight (D)
  Pikel (D)
  A wizard (D)
  A deep elf pyromancer (D)
  A harpy (D)
  A merfolk (D)
  2 blink frogs (D)
  A water elemental (D)
  A redback (D)
  2 wolves (D)
  A centaur (D)
  2 orcs (D)
25 creatures vanquished.

Vanquished Creatures (others)
  A wizard (D)
  An efreet (D)
2 creatures vanquished.

Grand Total: 230 creatures vanquished

Notes
Turn   | Place    | Note
-------+----------+-------------------------------------------
     0 | D        | octoduck the Gargoyle Ice Elementalist began the quest for
                  | the Orb.
     0 | D        | Reached XP level 1. HP: 10/10 MP: 3/3
    13 | D        | Noticed a floating eye
    19 | D        | Killed a floating eye
    20 | D        | Reached XP level 2. HP: 15/15 MP: 0/5
    20 | D        | Reached XP level 3. HP: 19/19 MP: 0/6
    20 | D        | Reached XP level 4. HP: 24/24 MP: 0/7
    25 | D        | Learned a level 3 spell: Frozen Ramparts
    29 | D        | Learned a level 3 spell: Ozocubu's Armour
   115 | D        | Found a glowing golden altar of the Shining One.
   115 | D        | Found a glowing silver altar of Zin.
   115 | D        | Found a basalt altar of Yredelemnul.
   115 | D        | Found a shimmering altar of Xom.
   115 | D        | Found an ornate altar of the Wu Jian Council.
   115 | D        | Found a bloodstained altar of Trog.
   115 | D        | Found a shimmering blue altar of Sif Muna.
   115 | D        | Found a sacrificial altar of Ru.
   115 | D        | Found a stormy altar of Qazlal.
   115 | D        | Found an iron altar of Okawaru.
   115 | D        | Found a sparkling altar of Nemelex Xobeh.
   115 | D        | Found a burning altar of Makhleb.
   115 | D        | Found a viscous altar of Jiyva.
   115 | D        | Found a hazy altar of Hepliaklqana.
   115 | D        | Found an opulent altar of Gozag.
   115 | D        | Found a blossoming altar of Fedhas.
   115 | D        | Found a white marble altar of Elyvilon.
   115 | D        | Found a shadowy altar of Dithmenos.
   115 | D        | Found a snail-covered altar of Cheibriados.
   117 | D        | Found a radiant altar of Vehumet.
   117 | D        | Found a corrupted altar of Lugonu.
   118 | D        | Found a hide-covered altar of Uskayaw.
   118 | D        | Found an ancient bone altar of Kikubaaqudgha.
   118 | D        | Found a broken altar of Ashenzari.
   136 | D        | Became a worshipper of Ashenzari the Shackled
   168 | D        | Reached skill level 10 in Ice Magic
   239 | D        | Noticed a scorpion
   244 | D        | Killed a scorpion
   245 | D        | Reached XP level 5. HP: 22/28 MP: 1/8
   459 | D        | Noticed an orc warrior
   460 | D        | Noticed an orc warrior
   474 | D        | Killed an orc warrior
   475 | D        | Reached XP level 6. HP: 32/32 MP: 3/13
   477 | D        | Killed an orc warrior
   482 | D        | Reached XP level 7. HP: 36/36 MP: 1/16
   596 | D        | Learned a level 4 spell: Summon Ice Beast
   628 | D        | Noticed a hellwing
   644 | D        | Killed a hellwing
   645 | D        | Reached skill level 5 in Staves
   694 | D        | Reached skill level 5 in Summonings
   694 | D        | Reached XP level 8. HP: 41/41 MP: 12/18
   706 | D        | Noticed a death yak
   706 | D        | Noticed a manticore
   724 | D        | Killed a manticore
   727 | D        | Killed a death yak
   728 | D        | Reached XP level 9. HP: 33/45 MP: 3/19
   765 | D        | Reached * piety under Ashenzari
   907 | D        | Reached ** piety under Ashenzari
   960 | D        | Reached skill level 2 in Fighting
   960 | D        | Reached skill level 10 in Staves
  1242 | D        | Reached skill level 3 in Fighting
  1307 | D        | Noticed a sea snake
  1326 | D        | Reached skill level 4 in Fighting
  1328 | D        | Killed a sea snake
  1329 | D        | Reached skill level 6 in Fighting
  1351 | D        | Reached XP level 10. HP: 61/65 MP: 15/23
  1506 | D        | Noticed a black mamba
  1515 | D        | Killed a black mamba
  1516 | D        | Reached skill level 7 in Fighting
  1572 | D        | Noticed a deep elf pyromancer
  1580 | D        | Killed a deep elf pyromancer
  1581 | D        | Reached skill level 8 in Fighting
  1589 | D        | Noticed Pikel
  1607 | D        | Killed Pikel
  1608 | D        | Reached skill level 9 in Fighting
  1720 | D        | Noticed a black mamba
  1729 | D        | Killed a black mamba
  1746 | D        | Reached skill level 10 in Fighting
  1841 | D        | Noticed an unseen horror
  1846 | D        | Killed an unseen horror
  1847 | D        | Reached XP level 11. HP: 72/77 MP: 24/24
  1861 | D        | Noticed an eight-headed hydra
  1871 | D        | Killed an eight-headed hydra
  1872 | D        | Reached skill level 15 in Ice Magic
  1928 | D        | Reached skill level 11 in Fighting
  1952 | D        | Noticed a deep elf pyromancer
  1976 | D        | Killed a deep elf pyromancer
  2066 | D        | Noticed a sea snake
  2082 | D        | Killed a sea snake
  2083 | D        | Reached skill level 12 in Fighting
  2382 | D        | Noticed a flayed ghost
  2408 | D        | Killed a flayed ghost
  2577 | D        | Noticed a lindwurm
  2582 | D        | Killed a lindwurm
  2583 | D        | Reached skill level 5 in Dodging
  2833 | D        | Identified the +0 robe "Ciuw" {rF+ SInv}
  2932 | D        | Noticed a great orb of eyes
  2932 | D        | Noticed a great orb of eyes
  2945 | D        | Killed a great orb of eyes
  2948 | D        | Paralysed by a great orb of eyes for 5 turns
  2948 | D        | Killed a great orb of eyes
  2949 | D        | Reached XP level 12. HP: 72/86 MP: 15/25
  2963 | D        | Reached *** piety under Ashenzari
  3345 | D        | Noticed Grum
  3349 | D        | Killed Grum
  3355 | D        | Reached skill level 10 in Armour
  3434 | D        | Noticed a two-headed ogre
  3445 | D        | Killed a two-headed ogre
  3538 | D        | Noticed a great orb of eyes
  3547 | D        | Reached **** piety under Ashenzari
  3584 | D        | Killed a great orb of eyes
  3762 | D        | Noticed an orc warlord
  3762 | D        | Noticed an orc warlord
  3855 | D        | Killed an orc warlord
  3883 | D        | Killed an orc warlord
  3884 | D        | Reached skill level 15 in Armour
  4020 | D        | Noticed a vault guard
  4087 | D        | Killed a vault guard
  4114 | D        | Reached XP level 13. HP: 47/97 MP: 1/29
  4285 | D        | Noticed a great orb of eyes
  4319 | D        | Killed a great orb of eyes
  4517 | D        | Noticed a black draconian
  4550 | D        | Killed a black draconian
  5041 | D        | Noticed a yaktaur captain
  5041 | D        | Noticed a white draconian
  5270 | D        | Identified the +3 rapier of Generosity {flame, rElec Will+
                  | rCorr}
  5270 | D        | Identified the +4 battleaxe "Hiyd" {antimagic, *Corrode
                  | rC+++ Int-2 Stlth+}
  5287 | D        | Identified the +0 whip of the Dripping Firefly {vamp, rC+
                  | Int+3}
  5365 | D        | Killed a yaktaur captain
  5380 | D        | Killed a white draconian
  5381 | D        | Reached skill level 13 in Fighting
  5652 | D        | Identified the +0 robe "Enwac" {rN+ MP+9 Str-2 Dex+5}
  5803 | D        | Noticed a vault guard
  5904 | D        | Killed a vault guard
  5905 | D        | Reached skill level 5 in Maces & Flails
  5962 | D        | Noticed Snorg
  6065 | D        | Reached skill level 14 in Fighting
  6152 | D        | Killed Snorg
  6266 | D        | Reached skill level 15 in Fighting
  6370 | D        | Reached skill level 16 in Fighting
  6540 | D        | Identified Juneigh's Codex of Bedrock and Relocation
  6544 | D        | Noticed an emperor scorpion
  6556 | D        | Reached skill level 1 in Evocations
  6589 | D        | Noticed a merfolk javelineer
  6624 | D        | Noticed an emperor scorpion
  6636 | D        | Killed a merfolk javelineer
  6651 | D        | Reached skill level 17 in Fighting
  6676 | D        | Killed an emperor scorpion
  6677 | D        | Reached skill level 5 in Evocations
  6772 | D        | Noticed an eidolon
  6786 | D        | Killed an eidolon
  6787 | D        | Gained mutation: Your large and strong wings let you fly.
                  | [Gargoyle growth]
  6787 | D        | Reached XP level 14. HP: 96/112 MP: 19/29
  6801 | D        | Reached skill level 18 in Fighting
  7161 | D        | Noticed an emperor scorpion
  7196 | D        | Killed an emperor scorpion
  7319 | D        | Killed an emperor scorpion
  7483 | D        | Reached skill level 19 in Fighting
  7600 | D        | Learned a level 5 spell: Metabolic Englaciation
  7605 | D        | Learned a level 4 spell: Petrify
  7653 | D        | Reached skill level 1 in Earth Magic
  7747 | D        | Reached skill level 1 in Hexes
  7836 | D        | Noticed a frost giant
  7895 | D        | Killed a frost giant
  7896 | D        | Reached skill level 5 in Earth Magic
  8262 | D        | Noticed a storm dragon
  8289 | D        | Reached skill level 5 in Shields
  8305 | D        | Killed a storm dragon
  8317 | D        | Noticed a red draconian
  8575 | D        | Reached skill level 5 in Hexes
  8592 | D        | Noticed a death cob
  8609 | D        | Killed a death cob
  9101 | D        | Killed a red draconian
  9146 | D        | Noticed a titan
  9374 | D        | Reached skill level 10 in Earth Magic
  9494 | D        | Identified the +6 halberd "Newt's Demise" {freeze, rN+}
  9494 | D        | Noticed a nagaraja
  9528 | D        | Killed a nagaraja
  9902 | D        | Noticed a storm dragon
  9902 | D        | an iron troll changed into an azure jelly
  9902 | D        | Noticed an azure jelly (glowing shapeshifter)
  9903 | D        | an azure jelly changed into an iron troll
  9920 | D        | Noticed an acid blob
  9922 | D        | an acid blob changed into an iron giant
  9922 | D        | Noticed an iron giant (glowing shapeshifter)
  9925 | D        | an iron giant changed into a fire giant
  9925 | D        | Noticed a fire giant (glowing shapeshifter)
  9928 | D        | a fire giant changed into a shadow dragon
  9928 | D        | Noticed a shadow dragon (glowing shapeshifter)
  9930 | D        | Killed a storm dragon
  9945 | D        | a shadow dragon changed into an iron giant
  9945 | D        | Noticed an iron giant (glowing shapeshifter)
  9946 | D        | an iron giant changed into a shadow dragon
  9946 | D        | Noticed a shadow dragon (glowing shapeshifter)
  9952 | D        | a shadow dragon changed into an eleionoma
  9952 | D        | Noticed an eleionoma (glowing shapeshifter)
  9954 | D        | an eleionoma changed into a sphinx
  9954 | D        | Noticed a sphinx (glowing shapeshifter)
  9956 | D        | a sphinx changed into an alligator snapping turtle
 10239 | D        | Killed a titan
 10708 | D        | Noticed an angel
 10770 | D        | Reached skill level 15 in Earth Magic
 10770 | D        | Reached XP level 15. HP: 74/119 MP: 20/30
 10791 | D        | Killed an angel
 11120 | D        | Noticed a storm dragon
 11149 | D        | Killed a storm dragon
 11231 | D        | Identified the +0 rapier of Plunder {heavy, Str+5}
 11231 | D        | Noticed a white draconian stormcaller
 11261 | D        | Killed a white draconian stormcaller
 11262 | D        | Reached skill level 5 in Transmutations
 11366 | D        | Noticed a frost giant
 11398 | D        | Killed a frost giant
 11566 | D        | Noticed a frost giant
 11597 | D        | Killed a frost giant
 11779 | D        | Noticed a bone dragon
 11780 | D        | Noticed a deep elf master archer
 12101 | D        | Killed a deep elf master archer
 12509 | D        | Killed a bone dragon
 12752 | D        | Learned a level 5 spell: Freezing Cloud
 12778 | D        | Identified the +5 longbow "Q" {antimagic, Dex+3}
 12778 | D        | Identified the +3 demon blade "Ivuch" {drain, Int+5}
 12778 | D        | Identified the +4 chain mail of Intuition {rElec rF+}
 12778 | D        | Identified the +1 robe of the Shifting Gods {Will++ Slay+6}
 12778 | D        | Identified the +4 plate armour of the Howling Gods {Str+3}
 13036 | D        | Reached skill level 1 in Conjurations
 13036 | D        | Reached skill level 1 in Air Magic
 13099 | D        | Noticed a lich
 13137 | D        | Killed a lich
 13181 | D        | Noticed an ancient lich
 13188 | D        | Noticed a lich
 13282 | D        | Reached skill level 5 in Conjurations
 13416 | D        | Noticed a lich
 13419 | D        | Noticed a lich
 13474 | D        | Killed from afar by an ancient lich

Illustrated notes

Levels and vault maps discovered:
D:        pitsprint [storerooms_1, entrance_room_1, metal_vault_6, armoury_1,
          mini_pit_1, grid_room_1, main_hall_1, silver_pit, the_coven_1,
          the_vestibule_1, steel_vault_2, golden_pit, hallway_of_sentries,
          crystal_vault_3, iron_vault_2, final_vault]

Skill      XL: |  1  2  3  4  5  6  7  8  9 10 11 12 13 14 15 |
---------------+----------------------------------------------+-----
Ice Magic      | 9 11 12 14 17 | 17.7
Armour         | 4 7 16 18 | 18.7
Spellcasting   | 4 6 7 |  7.1
Staves         | 5 9 11 13 14 | 14.9
Summonings     | 5 9 |  9.1
Fighting       | 6 10 12 17 19 | 19.0
Dodging        | 6 7 9 |  9.7
Stealth        | 7 |  7.5
Maces & Flails | 5 |  5.9
Evocations     | 6 9 |  9.1
Earth Magic    | 15 | 15.9
Hexes          | 9 |  9.3
Shields        | 7 9 |  9.4
Transmutations | 9 |  9.2
Conjurations   | 5 |  5.5
Air Magic      | 4 |  4.1

Action                     |  1- 3 |  4- 6 |  7- 9 | 10-12 | 13-15 || total
---------------------------+-------+-------+-------+-------+-------++-------
  Melee: Unarmed           |     1 |       |       |       |       ||     1
         Quarterstaff      |       |    22 |    65 |       |       ||    87
         Lajatang          |       |       |    38 |   292 |    90 ||   420
         Demon whip        |       |       |       |       |   690 ||   690
         Punch             |       |       |       |       |     5 ||     5
  Throw: Dart              |       |       |     1 |     2 |     1 ||     4
   Cast: Freeze            |     3 |     1 |     1 |       |       ||     5
         Frozen Ramparts   |       |     5 |    10 |    32 |    56 ||   103
         Ozocubu's Armour  |       |     4 |    12 |    28 |    55 ||    99
         Summon Ice Beast  |       |       |     1 |    21 |    53 ||    75
         Petrify           |       |       |       |       |    13 ||    13
         Metabolic Englaci |       |       |       |       |     1 ||     1
 Invoke: Curse Item        |       |       |     3 |     2 |     3 ||     8
         Shatter the Chain |       |       |       |       |     2 ||     2
  Evoke: Phantom mirror    |       |       |       |       |     1 ||     1
    Use: Potion            |       |       |     1 |     4 |     9 ||    14
         Scroll            |       |       |       |     2 |     9 ||    11
   Stab: Sleeping          |       |     2 |       |       |       ||     2
         Invisible         |       |       |       |    13 |     7 ||    20
         Distracted        |       |       |       |       |     3 ||     3
         Petrified         |       |       |       |       |    38 ||    38
         Petrifying        |       |       |       |       |     1 ||     1
 Armour: Robe              |       |    12 |       |       |       ||    12
         Ring mail         |       |     3 |    24 |       |       ||    27
         Scale mail        |       |       |    20 |   131 |   419 ||   570
         Ice dragon scales |       |       |       |       |    27 ||    27
  Dodge: Dodged            |       |    19 |    44 |    97 |   320 ||   480
  Block: Kite shield       |       |       |       |       |   130 ||   130
         Buckler           |       |       |       |       |    24 ||    24

Table legend: (Time is in decaauts) A = Elapsed time spent in this place. B = Non-inter-level travel time spent in this place. C = Inter-level travel time spent in this place. D = Time resting spent in this place. E = Time spent auto-exploring this place. F = Levels seen in this place. G = Mean time per level. A B C D E F G +--------+--------+--------+--------+--------+-----+--------+ Total | 12948 | 12288 | 660 | 7076 | 21 | 1 | 12948.0 | Dungeon | 12948 | 12288 | 660 | 7076 | 21 | 1 | 12948.0 | +--------+--------+--------+--------+--------+-----+--------+

Top non-repeatable levels by time:
       D: 12948 daAuts
